 Dungeon Crawl Stone Soup version 0.28-a0-224-g76b539d98b (webtiles) character file.

Game seed: 9597830589612440555

81601 Conn the Thaumaturge (level 15, -12/81 HPs)
             Began as an Octopode Fire Elementalist on Aug 21, 2021.
             Was a High Priest of Sif Muna.
             Mangled by a caustic shrike simulacrum (21 damage)
             ... in an ice cave.
             The game lasted 02:08:36 (39639 turns).

Conn the Thaumaturge (Octopode Fire Elementalist)  Turns: 39639, Time: 02:08:37

Health: -12/81     AC:  5    Str: 19    XL:     15   Next: 70%
Magic:  0/32       EV: 18    Int: 23    God:    Sif Muna [*****.]
Gold:   1625       SH:  7    Dex: 22    Spells: 2/40 levels left

rFire   + . .      SeeInvis +   a - +3 dagger (protect)
rCold   + . .      Faith    .   G - +1 buckler of Depression {Will+ Str+4 Dex+4}
rNeg    + . .      Spirit   .   (helmet restricted)
rPois   +          Reflect  .   m - amulet of the acrobat
rElec   +          Harm     .   o - ring of wizardry
rCorr   +          Rampage  .   q - +6 ring of dexterity
Will    +++..      Clarity  +   x - ring of flight
Stlth   ++++++....              y - +6 ring of strength
HPRegen 0.23/turn               i - ring of see invisible
MPRegen 0.23/turn               H - +4 ring of protection
                                f - ring of the Princeling {rN+ Will+}
                                (no ring)

@: resistant, flying
A: almost no armour, amphibious, 8 rings, camouflage 1, gelatinous body 1,
(nimble swimmer 1), tentacles, clarity, frail 1
a: Renounce Religion, Channel Magic, Forget Spell, Divine Exegesis


You were in an ice cave.
You worshipped Sif Muna.
Sif Muna was extremely pleased with you.
You visited 4 branches of the dungeon, and saw 23 of its levels.
You also visited: Bailey and Ice Cave.

You collected 2568 gold pieces.
You spent 943 gold pieces at shops.

Inventory:

Hand Weapons
 a - a +3 dagger of protection (weapon)
 b - a +2 spear of venom
 h - a +0 short sword
 P - the +10 battleaxe of Brawling {vamp, rC+ Stlth+}
   (You found it on level 5 of the Lair of Beasts)

   It occasionally heals its wielder for a portion of the damage dealt when it
   wounds a living foe.
   rC:        It protects you from cold.
   Stlth:     It makes you more stealthy.
 S - the +5 scythe "Giant's Doom" {drain, rElec Int+4 Dex+4}
   (You found it on level 6 of the Lair of Beasts)

   A truly terrible weapon, it drains the life of any living foe it strikes.
   Int:       It affects your intelligence (+4).
   Dex:       It affects your dexterity (+4).
   rElec:     It insulates you from electricity.
Missiles
 c - 4 throwing nets
 V - 8 curare-tipped darts
Armour
 A - a +3 buckler
 G - the +1 buckler of Depression (worn) {Will+ Str+4 Dex+4}
   (You found it on level 9 of the Dungeon)

   Str:       It affects your strength (+4).
   Dex:       It affects your dexterity (+4).
   Will:      It increases your willpower.
Magical Staves
 Z - a staff of air
Jewellery
 e - an amulet of faith
 f - the ring of the Princeling (on tentacle) {rN+ Will+}
   (You bought it in a shop on level 2 of the Orcish Mines)

   [ring of positive energy]

   rN:        It protects you from negative energy.
   Will:      It increases your willpower.
 i - a ring of see invisible (on tentacle)
 m - an amulet of the acrobat (around mantle)
 n - a ring of ice
 o - a ring of wizardry (left tentacle)
 q - a +6 ring of dexterity (right tentacle)
 s - an amulet of regeneration
 x - a ring of flight (on tentacle)
 y - a +6 ring of strength (on tentacle)
 D - an amulet of guardian spirit
 H - a +4 ring of protection (on tentacle)
 R - an amulet of magic regeneration
Wands
 j - a wand of charming (4)
 p - a wand of digging (7)
 u - a wand of mindburst (16)
 v - a wand of flame (18)
 B - a wand of acid (13)
 F - a wand of iceblast (21)
 T - a wand of paralysis (12)
Scrolls
 d - a scroll of summoning
 g - 3 scrolls of amnesia
 t - 7 scrolls of identify
 C - a scroll of fear {unknown}
 L - 2 scrolls of torment {unknown}
 M - 3 scrolls of magic mapping
 O - 2 scrolls of brand weapon {unknown}
 U - a scroll of enchant weapon
 W - a scroll of fog {unknown}
 X - a scroll of teleportation
Potions
 k - 6 potions of ambrosia
 l - 4 potions of curing
 r - a potion of cancellation
 w - 2 potions of brilliance
 z - a potion of magic {unknown}
 E - 3 potions of lignification {unknown}
 I - a potion of might {unknown}
 J - a potion of mutation
 N - 3 potions of berserk rage
 Q - 3 potions of heal wounds
 Y - a potion of haste


   Skills:
 + Level 4.0 Fighting
 + Level 5.4 Short Blades
 + Level 0.6 Polearms
 + Level 6.4 Dodging
 - Level 9.1 Stealth
 + Level 6.1 Shields
 + Level 13.1 Spellcasting
 + Level 11.1 Conjurations
 - Level 5.2 Hexes
 + Level 7.1 Summonings
 + Level 12.4 Fire Magic
 + Level 2.4 Ice Magic
 + Level 2.4 Earth Magic
 - Level 7.4 Invocations
 + Level 0.2 Evocations


You had 2 spell levels left.
You knew the following spells:

 Your Spells              Type           Power      Damage    Failure   Level
a - Foxfire               Conj/Fire      100%       2x1d9     1%          1
b - Conjure Flame         Conj/Fire      62%        6-21      1%          3
c - Inner Flame           Hex/Fire       53%        N/A       1%          3
d - Sticky Flame          Conj/Fire      62%        2d8       1%          4
e - Fireball              Conj/Fire      31%        3d13      1%          5
f - Summon Guardian Gole  Hex/Summ       43%        N/A       1%          3
g - Frozen Ramparts       Ice            52%        1d7       1%          3
h - Iron Shot             Conj/Erth      23%        9d5       16%         6
i - Spellforged Servitor  Conj/Summ      27%        N/A       32%         7
j - Ozocubu's Armour      Ice            26%        N/A       1%          3

Your spell library contained the following spells:

 Spells                   Type           Power      Damage    Failure   Level
 Summon Small Mammal      Summ           100%       N/A       1%          1
 Passwall                 Tmut/Erth      16%        N/A       1%          2
 Sublimation of Blood     Necr           7%         N/A       2%          2
 Wereblood                Tmut           15%        N/A       2%          2
 Call Canine Familiar     Summ           47%        N/A       1%          3
 Iskenderun's Battlesphe  Conj           60%        2d11      1%          5
 Summon Mana Viper        Hex/Summ       43%        N/A       3%          5
 Swiftness                Air            15%        N/A       4%          3
 Metabolic Englaciation   Hex/Ice        16%        N/A       10%         5
 Summon Forest            Summ/Tloc      15%        N/A       11%         5
 Shadow Creatures         Summ           N/A        N/A       14%         6
 Animate Dead             Necr           7%         N/A       16%         4
 Orb of Destruction       Conj           30%        9d11      16%         7
 Borgnjor's Vile Clutch   Necr/Erth      10%        N/A       26%         5
 Conjure Ball Lightning   Conj/Air       20%        3x3d6     26%         6
 Invisibility             Hex            19%        N/A       28%         6
 Excruciating Wounds      Necr           7%         N/A       41%         5
 Summon Hydra             Summ           23%        N/A       56%         7
 Simulacrum               Ice/Necr       10%        N/A       80%         6


Dungeon Overview and Level Annotations

Branches:
Dungeon (14/15)            Temple (1/1) D:7            Lair (6/6) D:8
  Swamp (0/4) Lair:4       Spider (0/4) Lair:3        Slime (0/5) Lair:6
    Orc (2/2) D:10            Elf (0/3) Orc:2        Bailey (visited)
  IceCv (1/1)
 Vaults: D:13-14

Altars:
Cheibriados
Dithmenos
Elyvilon
Fedhas
Gozag
Hepliaklqana
Kikubaaqudgha
Nemelex Xobeh
Qazlal
Ru
Sif Muna
Trog
Vehumet
Wu Jian
Zin
The Shining One
Lugonu

Shops:
Orc:2 (*=!

Portals:
Abyss: Lair:6

Annotations:
D:6 katzbalger's ghost, novice DgFi
D:11 3 runed translucent doors, PirateVox's ghost, journeyman GnSu; minorukun's ghost, journeyman DjFE


Innate Abilities, Weirdness & Mutations

You cannot wear most types of armour.
You are amphibious.
You can wear up to eight rings at the same time.
Your skin changes colour to match your surroundings (Stealth+).
Your rubbery body absorbs attacks. (AC +1, EV +1)
((You are camouflaged near water. (Stealth+)))
You have tentacles for arms and can constrict up to eight enemies at once.
You possess an exceptional clarity of mind.
You are frail. (-10% HP)


Message History

Unknown command.
Unknown command.
Casting: Fireball (mildly dangerous; 1% risk of failure)
Confirm with . or Enter, or press ? or * to list all spells.
You don't have enough magic to cast this spell.
Unknown command.
Unknown command.
Casting: Fireball (mildly dangerous; 1% risk of failure)
Confirm with . or Enter, or press ? or * to list all spells.
You conjure some foxfire!
The foxfire hits the caustic shrike simulacrum but does no damage.
The caustic shrike simulacrum is heavily damaged.
Unknown command.
The foxfire hits the caustic shrike simulacrum but does no damage.
The caustic shrike simulacrum is heavily damaged.
Aiming: Corrosive Bolt
Press: ? - help, Shift-Dir - straight line, f/p - caustic shrike simulacrum
Aim: a caustic shrike simulacrum (heavily damaged, 60% to hit)
The bolt of acid hits the caustic shrike simulacrum!
The caustic shrike simulacrum is splashed with acid!
The acid corrodes the caustic shrike simulacrum!
The caustic shrike simulacrum is almost destroyed.
The bolt of acid hits the caustic shrike simulacrum!
The caustic shrike simulacrum is splashed with acid.
The acid corrodes the caustic shrike simulacrum!
The caustic shrike simulacrum is moderately damaged.
The caustic shrike simulacrum claws you!
The caustic shrike simulacrum freezes you!!
The caustic shrike simulacrum closely misses you.
You feel protected.
The caustic shrike simulacrum claws you.
* * * LOW HITPOINT WARNING * * *
The caustic shrike simulacrum freezes you!
You resist.
* * * LOW HITPOINT WARNING * * *
The caustic shrike simulacrum claws you.
* * * LOW HITPOINT WARNING * * *
The caustic shrike simulacrum freezes you!!
You resist.
You die...

#########
#.......#
#...∩...#
#.......#
#...@...#
#..ZZ...#
##..:..##
##...##
##.## ...
....
.....
......


You could see 2 caustic shrike simulacra.

Vanquished Creatures
  Donald (Orc:2)
  Snorg (D:10)
  Josephine (D:10)
  Fannar (Lair:3)
  10 hydras
  A boulder beetle (Lair:6)
  A caustic shrike simulacrum (IceCv)
  4 centaur warriors
  Erica (Lair:1)
  6 two-headed ogres
  3 orc high priests (Orc:2)
  4 thrashing horrors (Lair:6)
  Sonja (Lair:1)
  6 orc knights
  7 orc sorcerers
  A lindwurm (Lair:6)
  A deep elf pyromancer (D:12)
  2 ugly things
  3 oklob plants
  A cyclops (D:9)
  2 manticores
  3 elephants (Lair:6)
  Maurice (D:9)
  A black mamba (shapeshifter) (Lair:6)
  3 black mambas
  An ice statue (D:14)
  A kobold demonologist (D:11)
  Psyche (D:9)
  2 rime drakes (Lair:5)
  16 cane toads
  Maggie (D:9)
  8 komodo dragons
  2 trolls
  2 ancient zymes (Lair:6)
  A jumping spider (Lair:3)
  A queen bee (D:11)
  3 polar bears
  12 slime creatures
  22 blink frogs
  2 spriggans (Lair:6)
  4 ynoxinuls (Lair:6)
  A basilisk (shapeshifter) (Lair:6)
  4 wraiths (D:10)
  41 yaks
  3 wyverns
  6 basilisks
  A steam dragon (D:7)
  2 chaos spawn (Lair:6)
  8 vampire mosquitoes
  3 harpy simulacra (IceCv)
  3 hydra simulacra (IceCv)
  7 wargs
  An acid dragon (D:12)
  A large abomination (Lair:6)
  14 water moccasins
  35 orc warriors
  2 sky beasts
  2 alligator simulacra (IceCv)
  A necrophage (D:6)
  3 black bears
  12 centaurs
  6 ogres
  12 wolves
  2 kobold brigands
  15 bullfrogs
  5 gnoll sergeants
  A lindwurm simulacrum (IceCv)
  38 killer bees
  3 wights (D:8)
  An electric eel (Lair:5)
  A bullfrog zombie (D:5)
  A hound (D:6)
  2 jellies (Lair:6)
  2 centaur zombies
  2 gnoll shamans
  25 orc priests
  Crazy Yiuf (D:2)
  A bullfrog skeleton (D:5)
  Jessica (D:3)
  5 iguanas
  20 orc wizards
  7 hell rats (Lair:1)
  8 small abominations (Lair:6)
  A hound skeleton (D:5)
  A howler monkey zombie (D:6)
  Robin (D:2)
  38 gnolls
  3 howler monkey skeletons
  3 adders
  A shadow imp (D:7)
  2 white imps
  2 adder skeletons (D:4)
  A worm (D:5)
  2 dart slugs
  96 orcs
  8 ball pythons
  5 endoplasms
  2 giant cockroaches
  17 goblins
  12 hobgoblins
  8 jackals
  5 quokkas
  7 bats
  6 frilled lizards
  31 kobolds
  5 rats
711 creatures vanquished.

Vanquished Creatures (collateral kills)
  24 foxfires
24 creatures vanquished.

Vanquished Creatures (others)
  Erolcha (D:9)
  Harold (D:11)
  An orc knight (Orc:2)
  A cyclops (D:12)
  4 yaks (D:9)
  A warg (Orc:2)
  2 water moccasins (Lair:6)
  4 killer bees (D:9)
  1764 foxfires
  33 fungi
  58 plants
1870 creatures vanquished.

Grand Total: 2605 creatures vanquished

Notes
Turn   | Place    | Note
-------+----------+-------------------------------------------
     0 | D:1      | Conn the Octopode Fire Elementalist began the quest for the
                  | Orb.
     0 | D:1      | Reached XP level 1. HP: 11/11 MP: 3/3
   174 | D:1      | Reached XP level 2. HP: 11/17 MP: 1/5
   803 | D:1      | Found a faded altar of an unknown god.
  1222 | D:2      | Reached XP level 3. HP: 21/21 MP: 0/6
  1228 | D:2      | Learned a level 3 spell: Conjure Flame
  1670 | D:2      | Reached XP level 4. HP: 27/27 MP: 3/7
  1729 | D:2      | Noticed Robin
  1746 | D:2      | Killed Robin
  2583 | D:2      | Found a runed translucent door.
  2584 | D:2      | Noticed Crazy Yiuf
  2627 | D:2      | Killed Crazy Yiuf
  2628 | D:2      | Reached XP level 5. HP: 32/32 MP: 0/9
  2992 | D:3      | Found a glowing golden altar of the Shining One.
  3175 | D:3      | Reached skill level 3 in Spellcasting
  3404 | D:3      | Learned a level 3 spell: Inner Flame
  3466 | D:3      | Noticed Jessica
  3472 | D:3      | Killed Jessica
  3784 | D:4      | Reached XP level 6. HP: 36/37 MP: 10/10
  3995 | D:4      | Learned a level 4 spell: Sticky Flame
  4068 | D:4      | Reached skill level 1 in Short Blades
  4655 | D:5      | Entered Level 5 of the Dungeon
  4812 | D:6      | Noticed a necrophage
  4817 | D:6      | Reached XP level 7. HP: 30/42 MP: 8/12
  4821 | D:6      | Reached skill level 5 in Stealth
  5245 | D:6      | Reached skill level 4 in Spellcasting
  5450 | D:5      | Reached skill level 1 in Fighting
  5450 | D:5      | Reached skill level 5 in Fire Magic
  5737 | D:5      | Reached XP level 8. HP: 40/48 MP: 14/14
  6143 | D:5      | You fall into a shaft and drop 3 floors!
  6159 | D:8      | Found a staircase to the Lair.
  6361 | D:7      | Found a runed translucent door.
  6393 | D:7      | Noticed katzbalger's ghost (novice DgFi)
  6487 | D:7      | Learned a level 5 spell: Fireball
  6682 | D:7      | Reached skill level 5 in Spellcasting
  6744 | D:7      | Reached XP level 9. HP: 34/54 MP: 0/16
  6782 | D:7      | Found a flagged portal.
  6794 | Bailey   | Entered a bailey
  7042 | Bailey   | Noticed an orc knight
  7097 | Bailey   | Reached skill level 5 in Conjurations
  8651 | Bailey   | Killed an orc knight
  8652 | Bailey   | Reached skill level 6 in Spellcasting
  8652 | Bailey   | Reached skill level 1 in Hexes
  9122 | D:7      | Found a staircase to the Ecumenical Temple.
  9128 | Temple   | Entered the Ecumenical Temple
  9136 | Temple   | Became a worshipper of Sif Muna the Loreminder
  9369 | D:6      | Reached skill level 7 in Spellcasting
  9503 | D:6      | Reached XP level 10. HP: 51/60 MP: 15/20
 10582 | D:7      | Learned a level 3 spell: Summon Guardian Golem
 11229 | D:8      | Reached skill level 1 in Summonings
 11613 | D:8      | Reached * piety under Sif Muna
 11976 | D:9      | Reached skill level 8 in Spellcasting
 12164 | D:9      | Noticed a cyclops
 12179 | D:9      | Killed a cyclops
 12188 | D:9      | Noticed a two-headed ogre
 12203 | D:9      | Killed a two-headed ogre
 12235 | D:9      | Noticed Erolcha
 12244 | D:9      | Reached XP level 11. HP: 41/65 MP: 5/23
 12244 | D:9      | Killed Erolcha
 12683 | D:9      | Reached ** piety under Sif Muna
 12929 | D:9      | Noticed Maurice
 12936 | D:9      | Killed Maurice
 13113 | D:9      | Noticed a two-headed ogre
 13118 | D:9      | Killed a two-headed ogre
 13119 | D:9      | Reached skill level 9 in Spellcasting
 13182 | D:9      | Noticed Maggie
 13202 | D:9      | Killed Maggie
 13479 | D:9      | Noticed Psyche
 13488 | D:9      | Killed Psyche
 13621 | D:9      | Identified the +1 buckler of Depression {Will+ Str+4 Dex+4}
 13830 | D:10     | Entered Level 10 of the Dungeon
 13846 | D:10     | Noticed Snorg
 13861 | D:10     | Killed Snorg
 13862 | D:10     | Reached skill level 1 in Shields
 14118 | D:10     | Noticed Josephine
 14360 | D:10     | Reached skill level 5 in Summonings
 14606 | D:10     | Killed Josephine
 14607 | D:10     | Reached XP level 12. HP: 70/72 MP: 5/25
 14978 | D:10     | Reached *** piety under Sif Muna
 15051 | D:10     | Found a staircase to the Orcish Mines.
 16352 | D:11     | Found a stormy altar of Qazlal.
 16472 | D:11     | Found a runed translucent gate.
 16473 | D:11     | Found a runed translucent gate.
 16473 | D:11     | Found a runed translucent gate.
 16473 | D:11     | Noticed PirateVox's ghost (journeyman GnSu)
 16473 | D:11     | Noticed minorukun's ghost (journeyman DjFE)
 16514 | D:11     | Noticed a two-headed ogre
 16517 | D:11     | Killed a two-headed ogre
 16518 | D:11     | Reached skill level 5 in Dodging
 16533 | D:11     | Noticed Harold
 16543 | D:11     | HP: 2/72 [Harold (28)]
 16545 | D:11     | Killed Harold
 16564 | D:11     | Reached skill level 10 in Spellcasting
 16863 | Orc:1    | Entered Level 1 of the Orcish Mines
 17270 | Orc:2    | Entered Level 2 of the Orcish Mines
 17995 | D:11     | Reached skill level 5 in Short Blades
 18330 | D:11     | Noticed a two-headed ogre
 18349 | D:11     | Killed a two-headed ogre
 18511 | D:11     | Noticed a two-headed ogre
 18515 | D:11     | Killed a two-headed ogre
 19382 | Lair:1   | Entered Level 1 of the Lair of Beasts
 19382 | Lair:1   | Noticed Sonja
 19386 | Lair:1   | Killed Sonja
 19388 | Lair:1   | Noticed a seven-headed hydra
 19402 | Lair:1   | Killed a seven-headed hydra
 19407 | Lair:1   | Reached **** piety under Sif Muna
 19435 | Lair:1   | Noticed Erica
 19461 | Lair:1   | Killed Erica
 19462 | Lair:1   | Reached skill level 1 in Invocations
 19795 | Lair:1   | Reached skill level 5 in Shields
 19795 | Lair:1   | Reached XP level 13. HP: 38/76 MP: 16/27
 20941 | Lair:2   | Reached skill level 10 in Fire Magic
 21465 | Lair:2   | HP: 2/77 [acid (13)]
 21471 | Lair:2   | Found the +2 robe of Vines {NoPotionHeal Regen+++}
 23618 | Lair:3   | Reached skill level 11 in Spellcasting
 23805 | Lair:3   | Noticed Fannar
 23811 | Lair:3   | Killed Fannar
 23885 | Lair:3   | Found a hole to the Spider Nest.
 24995 | Lair:4   | Found a staircase to the Swamp.
 25321 | Lair:4   | Reached skill level 5 in Invocations
 26381 | Lair:5   | Reached XP level 14. HP: 83/83 MP: 25/29
 27310 | Lair:5   | Found a blossoming altar of Fedhas.
 27403 | Lair:5   | Identified the +10 battleaxe of Brawling {vamp, rC+ Stlth+}
 27621 | Lair:6   | Entered Level 6 of the Lair of Beasts
 27922 | Lair:6   | Found a staircase to the Slime Pits.
 28331 | Lair:6   | Reached skill level 12 in Spellcasting
 28334 | Lair:6   | Reached skill level 10 in Conjurations
 28382 | Lair:6   | Reached ***** piety under Sif Muna
 28969 | Lair:6   | Received a gift from Sif Muna
 28972 | Lair:6   | Got Sif Muna's Grimoire of Dark Cold {god gift}
 29260 | Lair:6   | Found a one-way gate to the infinite horrors of the Abyss.
 29260 | Lair:6   | Found a corrupted altar of Lugonu.
 30321 | Lair:6   | Reached skill level 5 in Hexes
 30659 | Lair:6   | Identified the +5 scythe "Giant's Doom" {drain, rElec Int+4
                  | Dex+4}
 32046 | Orc:2    | Found a staircase to the Elven Halls.
 33014 | Orc:2    | Noticed Donald
 33035 | Orc:2    | Received a gift from Sif Muna
 33105 | Orc:2    | Killed Donald
 33106 | Orc:2    | Reached XP level 15. HP: 32/88 MP: 9/31
 33356 | Orc:2    | Learned a level 3 spell: Frozen Ramparts
 33363 | Orc:2    | Learned a level 6 spell: Iron Shot
 33518 | Orc:2    | Paralysed by an orc sorcerer for 5 turns
 33920 | Orc:2    | Paralysed by an orc sorcerer for 7 turns
 34219 | Orc:1    | Gained mutation: You are frail. (-10% HP) [potion of
                  | mutation]
 34219 | Orc:1    | Gained mutation: You possess an exceptional clarity of
                  | mind. [potion of mutation]
 34356 | Orc:2    | Reached skill level 1 in Ice Magic
 34356 | Orc:2    | Reached skill level 1 in Earth Magic
 35457 | Orc:2    | Found Utimm's Weapon Shop.
 35462 | Orc:2    | Found Kimaosoch's General Store.
 35639 | Orc:2    | Found Vaemyeh's Jewellery Shoppe.
 35641 | Orc:2    | Found Lipnir's Distillery.
 35651 | Orc:2    | Bought the ring of the Princeling {rN+ Will+} for 391 gold
                  | pieces
 35651 | Orc:2    | Bought a +4 ring of protection for 432 gold pieces
 35653 | Orc:2    | Bought 2 potions of heal wounds for 120 gold pieces
 35947 | D:12     | Learned a level 7 spell: Spellforged Servitor
 36581 | D:12     | Found an ornate altar of the Wu Jian Council.
 38414 | D:13     | Learned a level 3 spell: Ozocubu's Armour
 39362 | D:14     | Reached skill level 13 in Spellcasting
 39462 | D:14     | Found an opulent altar of Gozag.
 39614 | D:14     | Found a frozen archway.
 39628 | IceCv    | Entered an ice cave
 39631 | IceCv    | Received a gift from Sif Muna
 39639 | IceCv    | Mangled by a caustic shrike simulacrum

Illustrated notes

Levels and vault maps discovered:
D:1:      kilobyte_arrival_exit_the_forest, layout_rooms,
          shapermc_ecumenical_altar_mp_ritualfount
D:2:      layout_basic, uniq_crazy_yiuf_cottage, uniq_robin
D:3:      layout_basic, lemuel_coloured_pillars_altar, minmay_misc_feat_room,
          uniq_jessica
D:4:      layout_loops_ring, serial_forest, infiniplex_forest_lined_corner,
          infiniplex_forest_lined_2, infiniplex_forest_straight_3,
          infiniplex_forest_lined_corner, infiniplex_forest_zigzag_1,
          infiniplex_forest_lined_4_way, guppyfry_early_lair_pool
D:5:      layout_loops_corners, minmay_misc_feat_five
D:6:      layout_loops_ring, chequers_serial_rivers_large_a
D:7:      layout_gridville, minmay_temple_entry_enclosed_plants, enter_bailey_3,
          gammafunk_ghost_grave, chequers_serial_rivers_small_a
D:8:      layout_gridville, dpeg_oklobed_lair
D:9:      layout_roguey, uniq_psyche, uniq_erolcha, uniq_maurice, uniq_maggie
D:10:     layout_layer_cave, hiddenorc2_lemuel, uniq_josephine, uniq_snorg
D:11:     layout_roguey [special_room_bee], serial_co_window_serial,
          co_window_of_opportunity_a, co_window_paths_b,
          co_window_of_opportunity_a, co_window_corner_a,
          co_window_of_opportunity_a, co_window_cross_1, co_window_paths_a,
          co_window_broadway_a, co_window_2corner, co_window_broadway_b,
          co_window_broadway_a, co_window_paths_d, co_window_4corner_b,
          glass_columns_a, glass_columns_b, gammafunk_ghost_cemetery,
          grunt_qazlal_sundering, uniq_harold
D:12:     layout_loops_cross, special_room [special_room_orc],
          hellmonk_bongcloud_opening, nicolae_wu_jian_wuxing_cycle
D:13:     layout_loops_ring
D:14:     layout_loops_ring, lightli_vaults_fourway_checkpoint,
          kennysheep_flooded_box, portal_ice_cave_entry_ice_statue_one,
          nicolae_gozag_cash_rules_everything_around_me
Temple:   dpeg_three_leaves_temple
Lair:1:   layout_chaotic_city, grunt_megastairs_5, uniq_erica, uniq_sonja
Lair:2:   layout_regular_city, wad_woods_road_03, hellmonk_guarded_unrand_vines,
          grunt_megastairs_1, infiniplex_staircase_pool_2
Lair:3:   layout_roguey, spider_nest_entry_rubble, uniq_fannar
Lair:4:   layout_hall_layers, swamp_mist, infiniplex_staircase_pool
Lair:5:   layout_misc_corridors, hangedman_tree_tricks, gammafunk_lair_bear_cave
Lair:6:   hellmonk_lair_end_abyssal_woods, layout_cave_pods,
          nicolae_slime_entry_slimehenge
Orc:1:    layout_diamond_mine
Orc:2:    st_orc_elflike, layout_diamond_mine, uniq_donald
IceCv:    ice_cave_statue_garden_chambered

Skill      XL: |  1  2  3  4  5  6  7  8  9 10 11 12 13 14 15 |
---------------+----------------------------------------------+-----
Stealth        | 3 4 5 6 7 8 9 |  9.1
Conjurations   | 2 3 4 5 7 8 9 10 11 | 11.1
Fire Magic     | 4 5 7 8 9 10 11 12 | 12.4
Spellcasting   | 3 4 5 7 8 9 10 11 12 13 | 13.1
Short Blades   | 1 2 3 4 5 |  5.4
Dodging        | 3 4 5 6 |  6.4
Fighting       | 1 2 3 4 |  4.0
Hexes          | 1 2 3 4 5 |  5.2
Summonings     | 3 5 6 7 |  7.1
Shields        | 2 5 6 |  6.1
Invocations    | 1 5 7 |  7.4
Ice Magic      | 2 |  2.4
Earth Magic    | 2 |  2.4
Polearms       | |  0.6
Evocations     | |  0.2

Action                   |  1- 3 |  4- 6 |  7- 9 | 10-12 | 13-15 || total
-------------------------+-------+-------+-------+-------+-------++-------
Melee: Unarmed           |    34 |       |       |       |       ||    34
       Constrict         |    13 |    17 |    21 |    51 |    47 ||   149
       Tentacles         |     8 |    11 |    24 |    74 |   113 ||   230
       Short sword       |     9 |     1 |       |       |       ||    10
       Dagger            |       |    76 |   101 |   215 |   285 ||   677
       Spear             |       |     4 |       |       |       ||     4
 Cast: Foxfire           |    35 |    89 |   231 |   221 |   463 ||  1039
       Conjure Flame     |       |     3 |     3 |     8 |     9 ||    23
       Sticky Flame      |       |       |     8 |    38 |   103 ||   149
       Fireball          |       |       |    20 |    42 |   150 ||   212
       Inner Flame       |       |       |    11 |    26 |    89 ||   126
       Summon Guardian G |       |       |       |    19 |     7 ||    26
       Frozen Ramparts   |       |       |       |       |     1 ||     1
Invok: Channel Magic     |       |       |       |     1 |     2 ||     3
Evoke: Wand              |       |       |       |     2 |     4 ||     6
  Use: Scroll            |       |     1 |     7 |    10 |    11 ||    29
       Potion            |       |       |       |    14 |    11 ||    25
 Stab: Sleeping          |     3 |     9 |     6 |     9 |    20 ||    47
       Distracted        |       |       |     1 |     2 |       ||     3
       Invisible         |       |       |       |     2 |       ||     2
Armor: Skin              |     3 |    20 |    21 |    31 |    35 ||   110
Dodge: Dodged            |    36 |    48 |   114 |   158 |   337 ||   693
Block: Buckler           |       |       |       |    36 |   181 ||   217

Table legend: (Time is in decaauts)
 A = Elapsed time spent in this place.
 B = Non-inter-level travel time spent in this place.
 C = Inter-level travel time spent in this place.
 D = Time resting spent in this place.
 E = Time spent auto-exploring this place.
 F = Levels seen in this place.
 G = Mean time per level.
                   A        B        C        D        E       F      G
               +--------+--------+--------+--------+--------+-----+--------+
         Total |  39491 |  38791 |    700 |  10748 |  17848 |  25 | 1579.6 |
       Dungeon |  20648 |  20145 |    503 |   3733 |  10988 |  14 | 1474.9 |
        Temple |     16 |      8 |      8 |      0 |      0 |   1 |   16.0 |
          Lair |  11992 |  11806 |    186 |   3275 |   5827 |   6 | 1998.7 |
  Orcish Mines |   4821 |   4819 |      2 |   2374 |    938 |   2 | 2410.5 |
        Bailey |   2000 |   2000 |      0 |   1365 |     95 |   1 | 2000.0 |
      Ice Cave |     10 |     10 |      0 |      0 |      0 |   1 |   10.0 |
               +--------+--------+--------+--------+--------+-----+--------+

Top non-repeatable levels by time:
  Lair:6: 3651 daAuts
    D:11: 3327 daAuts
   Orc:2: 2953 daAuts
  Lair:2: 2196 daAuts
    D:10: 2189 daAuts
     D:9: 2154 daAuts
  Bailey: 2000 daAuts
  Lair:1: 1950 daAuts
   Orc:1: 1868 daAuts
     D:7: 1565 daAuts
     D:1: 1474 daAuts
  Lair:3: 1467 daAuts
     D:2: 1466 daAuts
     D:5: 1394 daAuts
  Lair:5: 1371 daAuts
